 Dungeon Crawl Stone Soup version 0.21-a0-404-g291f19a (webtiles) character file.

3 Insomnius the Grasshopper (level 1, -1/19 HPs)
             Began as a Naga Warper on Oct 30, 2017.
             Slain by a goblin
             ... wielding a +0 dagger
              (4 damage)
             ... on level 1 of the Dungeon.
             The game lasted 00:01:35 (148 turns).

Insomnius the Grasshopper (Naga Warper)              Turns: 148, Time: 00:01:36

Health: -1/19      AC:  1    Str: 13    XL:     1   Next: 50%
Magic:  3/3        EV:  9    Int: 13    God:
Gold:   10         SH:  0    Dex: 10    Spells: 4/4 levels left

rFire    . . .     SeeInvis +   a - +0 falchion
rCold    . . .     Gourm    .   (no shield)
rNeg     . . .     Faith    .   b - +0 leather armour
rPois    +         Spirit   .   (no helmet)
rElec    .         Reflect  .   (no cloak)
rCorr    .         Harm     .   (no gloves)
MR       .....                  (no barding)
Stlth    +.........             (no amulet)
HPRegen  0.06/turn              (no ring)
MPRegen  0.08/turn              (no ring)

@: very slow
A: see invisible, deformed body, poison resistance, slowness 2, slow metabolism
1, spit poison 1, AC +0
a: Spit Poison


You were on level 1 of the Dungeon.
You were not hungry.

You visited 1 branch of the dungeon, and saw 2 of its levels.

You collected 10 gold pieces.

Inventory:

Hand Weapons
 a - a +0 falchion (weapon)
Missiles
 e - 5 tomahawks of dispersal (quivered)
Armour
 b - a +0 leather armour (worn)
Scrolls
 d - a scroll of blinking
 g - a scroll of recharging {unknown}
Books
 c - a book of Spatial Translocations

   Spells                             Type                      Level
   a - Blink                          Translocation                2
   b - Shroud of Golubria             Charms/Translocation         2
   c - Lesser Beckoning               Translocation                3
   d - Gell's Gravitas                Translocation                3
   e - Teleport Other                 Translocation                3
   f - Passage of Golubria            Translocation                4
Comestibles
 f - a bread ration
 h - 3 chunks of flesh


   Skills:
 + Level 2.1 Fighting
 * Level 2.2 Long Blades
 - Level 0.8 Throwing
 - Level 0.7 Armour
 - Level 1.5 Dodging
 - Level 2.0 Spellcasting
   Level 3.0 Translocations


You had 4 spell levels left.
You didn't know any spells.

Dungeon Overview and Level Annotations

Branches:
Dungeon (2/15)

Altars:


Innate Abilities, Weirdness & Mutations

You cannot wear boots.
Your serpentine skin is tough. (AC +0)
You have supernaturally acute eyesight. (SInv)
Armour fits poorly on your strangely shaped body.
Your system is resistant to poisons. (rPois)
You cover ground very slowly.
You have a slow metabolism.
You can spit poison.


Message History

The goblin is severely wounded.
The goblin hits you but does no damage.
You barely miss the goblin.
The goblin is severely wounded.
The goblin hits you with a dagger.
You barely miss the goblin.
The goblin is severely wounded.
The goblin hits you with a dagger.
You closely miss the goblin.
The goblin is severely wounded.
The goblin hits you with a dagger.
You closely miss the goblin.
The goblin is severely wounded.
The goblin hits you with a dagger.
You closely miss the goblin.
The goblin is severely wounded.
The goblin hits you with a dagger.
* * * LOW HITPOINT WARNING * * *
The goblin hits you with a dagger.
You die...

###############
#.............#
#....[........# #####
#.............### ....#
#.....!..#....#.# ....#
#........#....#.###....###
#.......g@....+... .......
..............#.###....###
.........>...............#
.........#....#.##.#####.
...#######....#.##.# ..
######.##.# # #........#
#........# #.......[#####


You could see a goblin.

Vanquished Creatures
  A dart slug (D:1)
  A ball python (D:1)
2 creatures vanquished.

Notes
Turn   | Place    | Note
-------+----------+-------------------------------------------
     0 | D:1      | Insomnius the Naga Warper began the quest for the Orb.
     0 | D:1      | Reached XP level 1. HP: 19/19 MP: 3/3
   148 | D:1      | Slain by a goblin

Vault maps used:
D:1:      dpeg_arrival_lava_temple_mockup
D:2:      fedhas_altar_fruit_tree, lemuel_crystal_altar, serial_glass,
          glass_columns_c, glass_columns_c, first_bread,
          kennysheep_another_room, minmay_tree_intersection

Action                   || total
-------------------------++-------
Melee: Falchion          ||    16
Armor: Leather armour    ||     2
Dodge: Dodged            ||     5
       Rpst.: Falchion   ||     2

Table legend:
 A = Spawn XP
 B = Non-spawn XP
 C = Spawn XP percentage of total XP
 D = Spawn monster count
 E = Non-spawn monster count
 F = Spawn count percentage of total count
 G = Total turns spent on level
                    A         B        C        D         E        F      G
               +---------+---------+-------+---------+---------+-------+---------
         Total |       0 |       5 |   0.0 |       0 |       2 |   0.0 |   148
               +---------+---------+-------+---------+---------+-------+---------
           D:1 |       0 |       5 |   0.0 |       0 |       2 |   0.0 |   146
               +---------+---------+-------+---------+---------+-------+---------
